 Dungeon Crawl Stone Soup version 0.22-a0-877-g5c4e1afb51 (webtiles) character file.

495 Fandomethor the Skirmisher (level 7, -2/40 HPs)
             Began as a Gargoyle Fighter on July 29, 2018.
             Slain by a gnoll
             ... wielding a cursed -1 halberd
              (3 damage)
             ... on level 4 of the Dungeon.
             The game lasted 00:06:37 (2066 turns).

Fandomethor the Skirmisher (Gargoyle Fighter)       Turns: 2066, Time: 00:06:38

Health: -2/40      AC: 19    Str: 25    XL:     7   Next: 15%
Magic:  7/7        EV:  4    Int: 11    God:
Gold:   126        SH: 12    Dex: 10    Spells: 6/6 levels left

rFire    . . .     SeeInvis .   a - +0 flail
rCold    . . .     Gourm    .   c - +0 shield
rNeg     + + .     Faith    .   n - +0 plate armour
rPois    ∞         Spirit   .   (no helmet)
rElec    +         Reflect  +   (no cloak)
rCorr    .         Harm     .   (no gloves)
MR       .....                  (no boots)
Stlth    ..........             m - +3 amulet of reflection
HPRegen  0.13/turn              g - ring of positive energy
MPRegen  0.10/turn              (no ring)

@: mighty
A: molten scales 1, clever 1, frail 1, negative energy resistance 1, electricity
resistance, unbreathing, petrification resistance, rot immunity, AC +4
a: no special abilities


You were on level 4 of the Dungeon.
You were not hungry.

You visited 1 branch of the dungeon, and saw 4 of its levels.
You also visited: Sewer.

You collected 126 gold pieces.

Inventory:

Hand Weapons
 a - a +0 flail (weapon)
Armour
 c - a +0 shield (worn)
 n - a +0 plate armour (worn)
Jewellery
 g - a ring of positive energy (left hand)
 m - a +3 amulet of reflection (around neck)
Scrolls
 e - a scroll of fog {unknown}
 j - 3 scrolls of identify {unknown}
 k - 2 scrolls of remove curse {unknown}
 r - a scroll of fear {unknown}
 t - a scroll of blinking {unknown}
Potions
 d - a potion of might
 q - a potion of flight
Comestibles
 b - 2 chunks of flesh
 f - 7 rations


   Skills:
 + Level 5.7 Fighting
 + Level 4.5 Maces & Flails
 + Level 5.6 Armour
 - Level 3.2 Shields


You had 6 spell levels left.
You didn't know any spells.
Your spell library was empty.

Dungeon Overview and Level Annotations

Branches:
Dungeon (4/15)
 Temple: D:4-7

Altars:

Annotations:
D:4 Grinder


Innate Abilities, Weirdness & Mutations

You are resistant to torment.
Your stone body is resilient. (AC +4)
You are immune to poison.
You resist negative energy. (rN+)
You are resistant to electric shocks. (rElec)
You can survive without breathing.
You are immune to petrification.
You are immune to rotting.
You are partially covered in molten scales. (AC +2)
Your mind is acute. (Int +2)
You are frail. (-10% HP)


Message History

The gnoll struggles against the net.
Grinder blinks!
Grinder moves out of view.
The gnoll struggles against the net.
You are too injured to fight recklessly!
You are too injured to fight recklessly!
You are too injured to fight recklessly!
The gnoll hits you with an enchanted halberd!
* * * LOW HITPOINT WARNING * * *
The gnoll struggles against the net.
Your shield and plate armour prevent you from hitting the gnoll.
You block the gnoll's attack.
The gnoll struggles against the net.
You barely miss the gnoll. You block Grinder's attack.
The gnoll struggles against the net.
The gnoll hits you but does no damage.
Unknown command.
You barely miss the gnoll. You block Grinder's attack.
The gnoll struggles against the net.
The net rips apart, and the gnoll comes free!
The gnoll hits you but does no damage.
Grinder blinks!
You closely miss the gnoll.
The gnoll hits you with an enchanted halberd.
You die...

######
#....#### ...
#..g.!.. ...
#..g..# ....
#...@.# .....
#####.####
...## #.....#
...###.<...###
#..##.5.....#
#.##.....#.#
#..).........
#####.###....
..# #...


You could see Grinder and 2 gnolls.

Vanquished Creatures
  2 bullfrogs (Sewer)
  3 killer bees
  8 adders
  A gnoll (D:4)
  5 oozes (Sewer)
  A worm (D:2)
  17 leopard geckos
  An orc (D:3)
  2 bats
  14 giant cockroaches
  10 goblins
  6 hobgoblins
  8 jackals
  8 kobolds
  2 quokkas (D:3)
  11 ball pythons
  11 frilled lizards
  5 rats
115 creatures vanquished.

Notes
Turn   | Place    | Note
-------+----------+-------------------------------------------
     0 | D:1      | Fandomethor the Gargoyle Fighter began the quest for the Orb.
     0 | D:1      | Reached XP level 1. HP: 14/14 MP: 1/1
   164 | D:1      | Reached XP level 2. HP: 13/19 MP: 2/2
   370 | D:1      | Reached XP level 3. HP: 24/24 MP: 3/3
   951 | D:2      | Reached XP level 4. HP: 25/29 MP: 4/4
  1409 | D:3      | Found a glowing drain.
  1425 | Sewer    | Entered a sewer
  1434 | Sewer    | Reached XP level 5. HP: 34/34 MP: 5/5
  1841 | Sewer    | Reached skill level 5 in Fighting
  1841 | Sewer    | Reached skill level 5 in Armour
  1841 | Sewer    | Reached XP level 6. HP: 30/40 MP: 6/6
  1990 | D:3      | Reached XP level 7. HP: 21/44 MP: 7/7
  2008 | D:3      | Gained mutation: You are frail. (-10% HP) [potion of mutation]
  2008 | D:3      | Gained mutation: You are partially covered in molten scales. (AC +2) [potion of mutation]
  2008 | D:3      | Gained mutation: Your mind is acute. (Int +2) [potion of mutation]
  2060 | D:4      | Noticed Grinder
  2062 | D:4      | HP: 1/40 [gnoll/enchanted halberd (10)]
  2066 | D:4      | Slain by a gnoll

Vault maps used:
D:1:      dpeg_arrival_water_fire, minmay_pentomino_s4
D:3:      cheibrodos_sewer_entry_sluice, chequers_ecumenical_altar_simple_redux,
          first_ration, hangedman_abyss_or_decor_stabs
D:4:      dancing_weapons_uskayaw, cheibriados_altar_1, minivault_19,
          uniq_grinder, uniq_eustachio, uniq_ijyb
Sewer:    sewer_frog_island_02

Skill      XL: |  1  2  3  4  5  6 |
---------------+-------------------+-----
Fighting       | 4 5 |  5.7
Armour         | 4 5 |  5.6
Maces & Flails | 3 4 |  4.5
Shields        | |  3.2

Action                   |  1- 3 |  4- 6 |  7- 9 || total
-------------------------+-------+-------+-------++-------
Melee: Flail             |   150 |   325 |    43 ||   518
  Use: Potion            |       |     2 |     6 ||     8
  Eat: Chunk             |       |     5 |     1 ||     6
Armor: Scale mail        |    59 |       |       ||    59
       Chain mail        |    76 |    37 |       ||   113
       Plate armour      |       |   263 |    33 ||   296
       Skin              |       |       |    25 ||    25
Dodge: Dodged            |    43 |    55 |    16 ||   114
Block: Shield            |   101 |   302 |    59 ||   462
       Reflection        |       |     2 |     1 ||     3

Table legend:
 A = Spawn XP
 B = Non-spawn XP
 C = Spawn XP percentage of total XP
 D = Spawn monster count
 E = Non-spawn monster count
 F = Spawn count percentage of total count
 G = Total turns spent on level
                    A         B        C        D         E        F      G
               +---------+---------+-------+---------+---------+-------+---------
         Total |       0 |     708 |   0.0 |       0 |     115 |   0.0 |  2066
               +---------+---------+-------+---------+---------+-------+---------
           D:1 |       0 |      52 |   0.0 |       0 |      30 |   0.0 |   850
           D:2 |       0 |      95 |   0.0 |       0 |      25 |   0.0 |   517
           D:3 |       0 |     147 |   0.0 |       0 |      10 |   0.0 |   189
           D:4 |       0 |      85 |   0.0 |       0 |       3 |   0.0 |    35
         Sewer |       0 |     329 |   0.0 |       0 |      47 |   0.0 |   475
               +---------+---------+-------+---------+---------+-------+---------
